 Dungeon Crawl Stone Soup version 0.25.1-2-g60ff931df9 (webtiles) character file.

Game seed: 7644489014438673545

23 speedstriker the Chiller (level 2, 0/19 HPs)
             Began as a Barachi Ice Elementalist on Aug 29, 2020.
             Was a Follower of Fedhas.
             Slain by an adder (3 damage)
             ... on level 2 of the Dungeon.
             The game lasted 00:09:06 (2337 turns).

speedstriker the Chiller (Barachi Ice Elementalist) Turns: 2337, Time: 00:09:06

Health: 0/19       AC:  2    Str:  9    XL:     2   Next: 95%
Magic:  5/5        EV: 12    Int: 15    God:    Fedhas [*.....]
Gold:   91         SH:  0    Dex: 12    Spells: 4/5 levels left

rFire    . . .     SeeInvis .   e - +0 short sword
rCold    . . .     Gourm    .   (no shield)
rNeg     . . .     Faith    .   a - +0 robe
rPois    .         Spirit   .   (no helmet)
rElec    .         Reflect  .   (no cloak)
rCorr    .         Harm     .   (no gloves)
MR       .....                  (no boots)
Stlth    ++........             c - amulet of the acrobat
HPRegen  0.06/turn              (no ring)
MPRegen  0.09/turn              (no ring)

@: brilliant, lethally poisoned (0 -> -6), can't hop, flying, slow
A: +LOS, swims, slowness 1, strong legs 1
a: Hop, Renounce Religion


You were on level 2 of the Dungeon.
You worshipped Fedhas.
Fedhas was aware of your devotion.
You were hungry.

You visited 1 branch of the dungeon, and saw 2 of its levels.

You collected 91 gold pieces.

Inventory:

Hand Weapons
 e - a +0 short sword (weapon)
 g - a +0 short sword
Missiles
 i - 6 atropa-tipped darts (quivered)
Armour
 a - a +0 robe (worn)
 b - a +0 chain mail
 f - a +0 robe
Jewellery
 c - an amulet of the acrobat (around neck)
Scrolls
 d - 2 scrolls of remove curse
 h - 4 scrolls of identify
 j - a scroll of random uselessness
 m - a scroll of blinking {unknown}
Potions
 l - a potion of brilliance


   Skills:
 + Level 0.7 Short Blades
 + Level 2.3 Dodging
 + Level 1.8 Stealth
 + Level 0.5 Unarmed Combat
 + Level 2.2 Spellcasting
 + Level 5.4 Ice Magic


You had 4 spell levels left.
You knew the following spells:

 Your Spells              Type           Power        Failure   Level  Hunger
a - Freeze                Ice            ####         2%          1    None

Your spell library contained the following spells:

 Spells                   Type           Power        Failure   Level  Hunger
 Frozen Ramparts          Ice            ####..       7%          3    None
 Ozocubu's Armour         Chrm/Ice       ##......     22%         3    None
 Hailstorm                Conj/Ice       ##......     56%         4    None
 Summon Ice Beast         Ice/Summ       ##......     56%         4    None


Dungeon Overview and Level Annotations

Branches:
Dungeon (2/15)

Altars:
Fedhas


Innate Abilities, Weirdness & Mutations

You can be seen from farther away. (+LOS)
You can swim through water.
You cover ground slowly.
You can hop short distances.


Message History

The adder poisons you!
You barely miss the adder.
The adder is lightly wounded.
* * * LOW HITPOINT WARNING * * *
You feel sick. The adder barely misses you.
* * * LOW HITPOINT WARNING * * *
You feel sick. The adder completely misses you.
Hop to where?
Press: ? - help, Dir - move target cursor Boing!
It was a potion of flight.
You feel very buoyant.
You fly up into the air.
* * * LOW HITPOINT WARNING * * *
You feel sick.
It was a potion of brilliance.
You feel clever all of a sudden. The adder bites you.
You die...
Fedhas appreciates your contribution to the ecosystem.

..####### #.#.# #.
........<.###.#.######.
......................
#..####............... #..#
######.##..#####
##.#####..# ####.#...# #
..........### #......#.###
#
........#...####.##<.##.!.#
#
........#.#S@..........##.
..............##...♣...# ..
####....#.........♣.♣..#
#.............♣._.♣..#
#...<#####..#..♣.♣.......
#...............♣.......#
#....#######........#.###
#.. #...##.#.(.# #.. #.###
....##


You could see an adder.

Vanquished Creatures
  A leopard gecko (D:1)
  A bat (D:1)
  4 goblins (D:1)
  5 hobgoblins
  3 frilled lizards
  4 kobolds (D:1)
  2 rats
20 creatures vanquished.

Notes
Turn   | Place    | Note
-------+----------+-------------------------------------------
     0 | D:1      | speedstriker the Barachi Ice Elementalist began the quest
                  | for the Orb.
     0 | D:1      | Reached XP level 1. HP: 13/13 MP: 3/3
   181 | D:1      | Reached skill level 5 in Ice Magic
   345 | D:1      | Reached XP level 2. HP: 4/19 MP: 5/5
  2267 | D:2      | Found a faded altar of an unknown god.
  2273 | D:2      | Became a worshipper of Fedhas Madash
  2273 | D:2      | Reached * piety under Fedhas
  2337 | D:2      | Slain by an adder

Illustrated notes

Levels and vault maps discovered:
D:1:      dpeg_arrival_shelter, layout_loops_corners, hex_medium,
          minmay_bisected
D:2:      layout_rooms, chequers_ecumenical_altar_simple_redux

Skill      XL: |  1 |
---------------+----+-----
Ice Magic      | 5 |  5.4
Short Blades   | |  0.7
Dodging        | |  2.3
Stealth        | |  1.8
Unarmed Combat | |  0.5
Spellcasting   | |  2.2

Action                   || total
-------------------------++-------
Melee: Unarmed           ||    17
       Short sword       ||    72
 Cast: Freeze            ||     4
 Abil: Hop               ||     4
  Use: Scroll            ||     4
       Potion            ||     2
 Stab: Sleeping          ||     1
  Eat: Ration            ||     1
       Chunk             ||     1
Armor: Robe              ||    21
Dodge: Dodged            ||    76
